 Dungeon Crawl Stone Soup version 0.31-a0-986-g5e6e4ef867 (webtiles) character file.

Game seed: 12420758709843350914

64 Xavori the Trooper (level 4, 0/35 HPs)
             Began as a Djinni Chaos Knight on Nov 3, 2023.
             Was a Plaything of Xom.
             Killed from afar by an orc wizard (12 damage)
             ... with a magic dart
             ... on level 3 of the Dungeon on Nov 4, 2023.
             The game lasted 00:01:33 (4662 turns).

Xavori the Trooper (Djinni Chaos Knight)            Turns: 4662, Time: 00:01:34

Health: 0/35       AC:  7    Str:  9    XL:     4   Next: 32%
Gold:   75         EV: 12    Int: 17    God:    Xom [...*..] SH:  0 Dex: 17

rFire   + + .        a - +0 falchion (chaos)
rCold   x . .        (no shield)
rNeg    . . .        b - +2 leather armour
rPois   ∞            (no helmet)
rElec   .            (no cloak)
rCorr   .            (no gloves)
SInv    .            (boots unavailable)
Will    .....        (no amulet)
Stlth   +            (no ring)
HPRegen 0.25/turn    (no ring)
MPRegen 0.00/turn

%: infuse magic (-1 HP)
@: confused, flying
A: sickness immunity, fire resistance 2, cold vulnerability 1, float, innate
caster, HP casting, extra vitality 1, iridescent scales 1, agile 1, clever 1,
wild magic 1
a: Renounce Religion


You were on level 3 of the Dungeon.
You worshipped Xom.
You were a favourite toy of Xom.
You visited 1 branch of the dungeon, and saw 3 of its levels.

You collected 75 gold pieces.

Inventory:

Hand Weapons
 a - a +0 falchion of chaos (weapon)
Armour
 b - a +2 leather armour (worn)
Jewellery
 q - a ring of resist corrosion
Talismans
 l - a granite talisman
Scrolls
 c - a scroll of butterflies
 f - a scroll of blinking
 i - 2 scrolls of identify
 j - 3 scrolls of teleportation
 p - a scroll of poison
Potions
 d - a potion of degeneration {unknown}
 e - 3 potions of heal wounds {unknown}
 g - 4 potions of brilliance {unknown}
 h - a potion of curing {unknown}
 k - a potion of lignification {unknown}
 m - 2 potions of cancellation {unknown}
 n - a potion of invisibility {unknown}
 o - 2 potions of haste {unknown}


   Skills:
 + Level 3.3 Fighting
 + Level 3.0 Long Blades
 + Level 1.7 Armour
 + Level 2.7 Dodging
 * Level 1.1 Spellcasting
 * Level 1.1 Conjurations
 * Level 1.1 Hexes
 * Level 1.1 Summonings
 * Level 1.1 Necromancy
 * Level 1.1 Translocations
 * Level 1.1 Transmutations
 * Level 1.1 Fire Magic
 * Level 1.1 Ice Magic
 * Level 1.1 Air Magic
 * Level 1.1 Earth Magic
 * Level 1.1 Poison Magic


You knew the following spells:

 Your Spells              Type           Power      Damage    Failure   Level
a - Kiss of Death         Conj/Necr      24%        2d7       26%         1
Your spell library was empty.

Dungeon Overview and Level Annotations

Branches:
Dungeon (3/15)

Altars:
Elyvilon


Innate Abilities, Weirdness & Mutations

You are immune to sickness and miasma.
You are immune to poison.
Your flesh is very heat resistant. (rF++)
You are vulnerable to cold. (rC-)
You float through the air rather than walking.
You learn spells naturally, not from books.
Your magical power is your life essence.
You have superior vitality. (+4 MHP)
You are partially covered in iridescent scales. (AC +2)
You are agile. (Dex +4, Str/Int -1)
Your mind is acute. (Int +4, Str/Dex -1)
Your spells are a little harder to cast, but a little more powerful.


Message History

You hit the orc. You freeze the orc.
The orc is severely wounded.
The orc wizard gestures wildly while chanting.
The orc wizard flickers and vanishes!
Deactivating autopickup; reactivate with Ctrl-A.
The orc closely misses you.
You hit the orc but do no damage.
The orc is poisoned.
The orc is severely wounded.
You kill the orc!
You hit something. Something hits you but does no damage.
You closely miss something. Something hits you.
You hear some strange, mumbled words.
A magic dart appears from out of thin air!
The magic dart hits you!
You hit something. Something completely misses you.
You miss something. Something hits you but does no damage.
You hit something. Something hits you.
You closely miss something. Something hits you but does no damage.
You closely miss something.
You hear some strange, mumbled words.
A magic dart appears from out of thin air!
The magic dart hits you.
You miss something.
Something hits you but does no damage. x2
You closely miss something. Xom grants you insight.
You detect creatures!
Something completely misses you.
You closely miss something. Something hits you but does no damage.
You hit something. Something barely misses you.
You miss something. Something hits you.
You closely miss something. Something hits you.
You miss something.
You hear some strange, mumbled words.
You are confused.
You hear some strange, mumbled words.
You are more confused.
You bump into the rock wall.
You hear some strange, mumbled words.
A magic dart appears from out of thin air!
The magic dart hits you!
You die...

. l ... #..
.##.#####
........##.
#.#...#....
#####.#<...>#
#PP..P#...#.#
#P..P.#@#
#........
#.P..P#{#
#########
#...P..o# 5
#.......#
#.##..#.......
##.#...####
#.#.>..#
..####.# ## .#


You could see an orc.

Vanquished Creatures
  An adder (D:2)
  A worm (D:2)
  A dart slug (D:1)
  2 orcs (D:3)
  4 ball pythons
  2 endoplasms
  4 goblins
  6 hobgoblins
  4 jackals (D:1)
  2 quokkas
  8 bats
  3 frilled lizards
  3 kobolds
  3 rats (D:1)
44 creatures vanquished.

Vanquished Creatures (collateral kills)
  A kobold (D:1)
1 creature vanquished.

Vanquished Creatures (others)
  A bat zombie (D:1)
1 creature vanquished.

Grand Total: 46 creatures vanquished

Notes
Turn   | Place    | Note
-------+----------+-------------------------------------------
     0 | D:1      | Xavori the Djinni Chaos Knight began the quest for the Orb.
     0 | D:1      | Reached XP level 1. HP: 20/20 MP: 0/0
   152 | D:1      | XOM: silly message
   190 | D:1      | Reached XP level 2. HP: 25/25 MP: 0/0
   425 | D:1      | Reached XP level 3. HP: 26/30 MP: 0/0
   425 | D:1      | Learned a level 1 spell: Kiss of Death
  1346 | D:1      | XOM: god gift: scroll labelled BOCRASCH VENTUP {god gift}
  1622 | D:1      | XOM: cloud trail
  1879 | D:1      | XOM: divination: detect creatures
  3249 | D:1      | XOM: silly message
  3366 | D:1      | XOM: silly message
  3627 | D:1      | XOM: cloud trail
  3848 | D:1      | XOM is BORED!
  3903 | D:1      | XOM: give mutations
  3903 | D:1      | Gained mutation: You are partially covered in iridescent
                  | scales. (AC +2) [Xom's grace]
  3903 | D:1      | Gained mutation: Your mind is acute. (Int +4, Str/Dex -1)
                  | [Xom's grace]
  3903 | D:1      | Gained mutation: Your spells are a little harder to cast,
                  | but a little more powerful. [Xom's grace]
  3903 | D:1      | Gained mutation: You are agile. (Dex +4, Str/Int -1) [Xom's
                  | grace]
  3997 | D:1      | XOM: scenery: summon butterflies
  4149 | D:2      | XOM: god gift: scroll of teleportation
  4178 | D:2      | Reached skill level 1 in Spellcasting
  4178 | D:2      | Reached skill level 1 in Conjurations
  4178 | D:2      | Reached skill level 1 in Hexes
  4178 | D:2      | Reached skill level 1 in Summonings
  4178 | D:2      | Reached skill level 1 in Necromancy
  4178 | D:2      | Reached skill level 1 in Translocations
  4178 | D:2      | Reached skill level 1 in Transmutations
  4178 | D:2      | Reached skill level 1 in Fire Magic
  4178 | D:2      | Reached skill level 1 in Ice Magic
  4178 | D:2      | Reached skill level 1 in Air Magic
  4178 | D:2      | Reached skill level 1 in Earth Magic
  4178 | D:2      | Reached skill level 1 in Poison Magic
  4221 | D:2      | Reached XP level 4. HP: 35/35 MP: 0/0
  4598 | D:3      | Found a white marble altar of Elyvilon.
  4637 | D:3      | XOM: 3-stop teleportation journey
  4656 | D:3      | XOM: divination: detect creatures
  4662 | D:3      | Killed from afar by an orc wizard

Illustrated notes

Levels and vault maps discovered:
D:1:      lightli_molten_gateway, layout_loops_ring
D:2:      layout_rooms
D:3:      minmay_roachtagon, layout_basic, lemuel_doored_altar,
          portal_sewer_entry_f, shapermc_ecumenical_altar_venn,
          minmay_gold_behind_fungi

Skill      XL: |  1  2  3 |
---------------+----------+-----
Long Blades    | 3 |  3.0
Spellcasting   | 1 |  1.1
Conjurations   | 1 |  1.1
Hexes          | 1 |  1.1
Summonings     | 1 |  1.1
Necromancy     | 1 |  1.1
Translocations | 1 |  1.1
Transmutations | 1 |  1.1
Fire Magic     | 1 |  1.1
Ice Magic      | 1 |  1.1
Air Magic      | 1 |  1.1
Earth Magic    | 1 |  1.1
Poison Magic   | 1 |  1.1
Fighting       | |  3.3
Armour         | |  1.7
Dodging        | |  2.7

Action                     |  1- 3 |  4- 6 || total
---------------------------+-------+-------++-------
  Melee: Falchion          |    82 |    40 ||   122
         Punch             |     3 |       ||     3
    Use: Scroll            |     1 |     3 ||     4
 Armour: Leather armour    |    51 |    21 ||    72
  Dodge: Dodged            |    79 |    19 ||    98

Table legend: (Time is in decaauts)
 A = Elapsed time spent in this place.
 B = Non-inter-level travel time spent in this place.
 C = Inter-level travel time spent in this place.
 D = Time resting spent in this place.
 E = Time spent auto-exploring this place.
 F = Levels seen in this place.
 G = Mean time per level.
                   A        B        C        D        E       F      G
               +--------+--------+--------+--------+--------+-----+--------+
         Total |   4683 |   4613 |     70 |   3344 |    978 |   3 | 1561.0 |
       Dungeon |   4683 |   4613 |     70 |   3344 |    978 |   3 | 1561.0 |
               +--------+--------+--------+--------+--------+-----+--------+

Top non-repeatable levels by time:
     D:1: 4107 daAuts
     D:2: 450 daAuts
     D:3: 125 daAuts
